 Dungeon Crawl Stone Soup version 0.21.1-1-g345015f (webtiles) character file.

177 Kagorn the Skirmisher (level 5, 0/47 HPs)
             Began as a Hill Orc Fighter on June 22, 2018.
             Was an Initiate of Beogh.
             Killed by divine providence
             ... invoked by an orc priest
              (16 damage)
             ... on level 4 of the Dungeon.
             The game lasted 00:18:45 (2891 turns).

Kagorn the Skirmisher (Hill Orc Fighter)            Turns: 2891, Time: 00:18:45

Health: 0/47       AC: 12    Str: 20    XL:     5   Next: 57%
Magic:  5/5        EV:  6    Int:  8    God:    Beogh [......]
Gold:   95         SH:  4    Dex: 10    Spells: 4/4 levels left

rFire    x . .     SeeInvis .   g - +2 halberd (protect)
rCold    + . .     Gourm    .   (shield currently unavailable)
rNeg     . . .     Faith    .   o - +0 plate armour
rPois    .         Spirit   .   (no helmet)
rElec    .         Reflect  +   (no cloak)
rCorr    .         Harm     .   (no gloves)
MR       .....                  a - +0 pair of boots
Stlth    ..........             p - +4 amulet of reflection
HPRegen  0.15/turn              h - ring of ice
MPRegen  0.09/turn              (no ring)

@: lethally poisoned (0 -> -5)
A: no striking features
a: Renounce Religion


You were on level 4 of the Dungeon.
You worshipped Beogh.
Beogh was noncommittal.
You were not hungry.

You visited 1 branch of the dungeon, and saw 4 of its levels.

You collected 173 gold pieces.
You spent 78 gold pieces at shops.

Inventory:

Hand Weapons
 g - a +2 halberd of protection (weapon)
 j - a +1 short sword of speed
 k - a +1 hand axe of freezing
Missiles
 e - 25 poisoned needles
Armour
 a - a +0 pair of boots (worn)
 c - a +1 shield
 o - a +0 plate armour (worn)
Jewellery
 h - a ring of ice (left hand)
 p - a +4 amulet of reflection (around neck)
Wands
 n - a wand of acid (3)
Scrolls
 b - 5 scrolls of identify
 d - a scroll of remove curse
 i - a scroll of fog
Potions
 l - a potion of magic
 m - a potion of berserk rage {unknown}
Comestibles
 f - 3 rations


   Skills:
 * Level 4.9 Fighting
 - Level 2.2 Short Blades
 - Level 3.1 Axes
 * Level 0.3(1.5) Polearms
 + Level 3.9 Armour
 + Level 1.1 Dodging
 + Level 4.1 Shields


You had 4 spell levels left.
You didn't know any spells.

Dungeon Overview and Level Annotations

Branches:
Dungeon (4/15)
 Temple: D:4-7

Altars:
Zin

Shops:
D:4 [}*

Annotations:
D:4 Edmund


Message History

You feel sick.
You feel sick.
Edmund says, "Everyone always remembers my brother. 'Who's Edmund?' they ask!"
You feel sick.
The orc priest looks satisfied for a moment.
The phantom blinks!
Edmund gestures with his flail.
You feel sick.
The phantom blinks!
You feel sick.
You closely miss Edmund.
Edmund is lightly wounded.
You feel sick. Edmund hits you with a flail of venom.
* * * LOW HITPOINT WARNING * * *
You are more poisoned.
You feel better. Edmund hits you but does no damage.
You are poisoned.
The orc priest mumbles some strange prayers to Beogh against you.
Beogh smites you!
You die...
Beogh appreciates the orc priest's killing of a heretic priest.

##############
#(...........#
#..........#.#####
######................#
................#.###.#
........######...∩###.#
.....∩.(# #.#......#
........# #.#@######
........# #.#@#
##############.#.#
.........# .........# #
......o..# # <......W.#
. ..>.o....# .o.......#


You could see Edmund, a phantom and an orc priest.

Vanquished Creatures
  Robin (D:2)
  4 gnolls
  3 adders (D:2)
  2 dart slugs
  A leopard gecko (D:1)
  5 orcs (D:3)
  2 ball pythons
  3 giant cockroaches
  20 goblins
  12 hobgoblins
  2 jackals (D:1)
  8 kobolds
  2 quokkas
  7 bats
  4 frilled lizards
  12 rats
88 creatures vanquished.

Vanquished Creatures (others)
  An orc wizard (D:4)
  An orc (D:4)
2 creatures vanquished.

Grand Total: 90 creatures vanquished

Notes
Turn   | Place    | Note
-------+----------+-------------------------------------------
     0 | D:1      | Kagorn the Hill Orc Fighter began the quest for the Orb.
     0 | D:1      | Reached XP level 1. HP: 19/19 MP: 1/1
   111 | D:1      | Reached XP level 2. HP: 24/27 MP: 2/2
   418 | D:1      | Reached XP level 3. HP: 25/33 MP: 3/3
   510 | D:1      | Reached skill level 1 in Short Blades
  1067 | D:2      | Reached XP level 4. HP: 3/41 MP: 4/4
  1067 | D:2      | HP: 2/41 [poisoned by an adder]
  1172 | D:2      | Reached skill level 1 in Dodging
  1549 | D:2      | Reached XP level 5. HP: 47/47 MP: 5/5
  1729 | D:2      | Noticed Robin
  1758 | D:2      | Killed Robin
  1948 | D:2      | Found a glowing silver altar of Zin.
  2793 | D:4      | Found Juog's Armour Shop.
  2810 | D:4      | Found Neagyis's Gadget Shop.
  2826 | D:4      | Found Dumem's General Store.
  2834 | D:4      | Bought a potion of curing for 39 gold pieces
  2834 | D:4      | Bought a potion of degeneration for 13 gold pieces
  2834 | D:4      | Bought a scroll of identify for 26 gold pieces
  2879 | D:4      | Noticed Edmund
  2879 | D:4      | Became a worshipper of Beogh the Brigand
  2885 | D:4      | Noticed a phantom
  2891 | D:4      | Killed from afar by an orc priest

Skill      XL: |  1  2  3  4  5 |
---------------+----------------+-----
Axes           | 3 |  3.1
Fighting       | 4 |  4.9
Short Blades   | 1 2 |  2.2
Dodging        | 1 |  1.1
Shields        | 4 |  4.1
Polearms       | |  0.3
Armour         | |  3.9

Action                   |  1- 3 |  4- 6 || total
-------------------------+-------+-------++-------
Melee: War axe           |    21 |       ||    21
       Short sword       |    76 |   241 ||   317
       Halberd           |       |    23 ||    23
Invok: Convert to Beogh  |       |     1 ||     1
  Use: Scroll            |     3 |     6 ||     9
       Potion            |       |     5 ||     5
  Eat: Ration            |       |     2 ||     2
Armor: Scale mail        |    21 |       ||    21
       Plate armour      |    38 |   160 ||   198
Dodge: Dodged            |    25 |    43 ||    68
Block: Shield            |    51 |   148 ||   199
       Other             |       |     1 ||     1
